 Dungeon Crawl Stone Soup version 0.18-a0-1327-gce91241 (webtiles) character file.

39 Reinor the Ducker (level 3, -1/19 HPs)
             Began as a Spriggan Abyssal Knight on Feb 16, 2016.
             Was a Follower of Lugonu.
             Slain by an adder (3 damage)
             ... on level 2 of the Dungeon.
             The game lasted 00:02:16 (1559 turns).

Reinor the Ducker (Spriggan Abyssal Knight)         Turns: 1559, Time: 00:02:16

Health: -1/19      AC:  2    Str:  8    XL:     3   Next: 28%
Magic:  5/5        EV: 25    Int: 19    God:    Lugonu [*.....]
Gold:   82         SH:  0    Dex: 20    Spells: 0 memorised, 2 levels left

rFire  . . .     SeeInvis +     a - +1 short sword
rCold  . . .     Gourm    .     b - +0 robe
rNeg   . . .     Faith    .     (shield restricted)
rPois  .         Spirit   .     (helmet restricted)
rElec  .         Dismiss  .     (no cloak)
rCorr  .         Reflect  .     (gloves unavailable)
SustAt .         Harm     .     (boots unavailable)
MR     .....                    (no amulet)
Stlth  +++.......               (no ring)
                                k - ring of wizardry

@: brilliant, agile, lethally poisoned (-1 -> -11), very quick, not resistant to
hostile enchantments, fairly stealthy
A: unfitting armour, see invisible, herbivore 3, speed 3, slow metabolism 2
a: Depart the Abyss, Renounce Religion


You were on level 2 of the Dungeon.
You worshipped Lugonu.
Lugonu was aware of your devotion.
You were not hungry.

You visited 1 branch of the dungeon, and saw 2 of its levels.
You visited the Abyss 1 time.

You collected 82 gold pieces.

Inventory:

Hand Weapons
 a - a +1 short sword (weapon)
Armour
 b - a +0 robe (worn)
Jewellery
 k - a ring of wizardry (left hand)
Scrolls
 d - a scroll of random uselessness {unknown}
 g - 2 scrolls of remove curse {unknown}
 h - a scroll of immolation {unknown}
 i - a scroll of blinking {unknown}
Comestibles
 c - a bread ration
 l - a slice of pizza


   Skills:
 - Level 2.7 Fighting
 + Level 2.9 Short Blades
 - Level 4.0 Dodging
 + Level 2.1 Stealth
 - Level 1.8 Invocations


You had 2 spell levels left.
You didn't know any spells.

Dungeon Overview and Level Annotations

Branches:
Dungeon (2/15)

Altars:
Gozag


Innate Abilities, Weirdness & Mutations

You are tiny and cannot use many weapons and most armour.
You have supernaturally acute eyesight.
You are an herbivore.
You cover ground extremely quickly.
You need consume almost no food.


Message History

Drink which item? (? for menu, Esc to quit)
Okay, then.
Drink which item? (? for menu, Esc to quit)
Okay, then.
* * * LOW HITPOINT WARNING * * *
You feel sick.
Drink which item? (? for menu, Esc to quit)
It was a potion of agility.
You feel agile all of a sudden. The adder completely misses you.
Drink which item? (? for menu, Esc to quit)
It was a potion of magic.
Magic courses through your body.
* * * LOW HITPOINT WARNING * * *
You feel sick. The adder misses you.
Drink which item? (? for menu, Esc to quit)
It was a potion of brilliance.
You feel clever all of a sudden.
* * * LOW HITPOINT WARNING * * *
You feel sick. The adder bites you.
You die...

#####.##..........
......#.#..>.....#
#####..###........
#.#.#........#
#.##.####.####
#.##.# #.# # #.##.##
#.# .#
#.....###.#####..###
####........@.......
#########S##.####
#.# #.# #.# #.# #
... .### #.# ...#
._.


You could see an adder.

Vanquished Creatures
  An adder (D:2)
  A giant gecko (D:1)
  4 bats (D:1)
  A giant cockroach (D:1)
  4 goblins
  4 hobgoblins
  3 jackals (D:2)
  A ball python (D:1)
  A giant newt (D:1)
  5 kobolds (D:1)
  3 rats (D:1)
28 creatures vanquished.

Notes
Turn   | Place    | Note
--------------------------------------------------------------
     0 | Abyss:1  | Reinor the Spriggan Abyssal Knight began the quest for the Orb.
     0 | Abyss:1  | Reached XP level 1. HP: 11/11 MP: 3/3
    57 | Abyss:1  | Noticed a ynoxinul
   110 | Abyss:1  | Noticed a thrashing horror
   112 | Abyss:1  | Noticed a tentacled starspawn
   117 | D:1      | Escaped the Abyss
   555 | D:1      | Reached * piety under Lugonu
   555 | D:1      | Reached XP level 2. HP: 13/16 MP: 4/4
   619 | D:1      | Reached skill level 4 in Dodging
  1056 | D:1      | Reached skill level 1 in Stealth
  1329 | D:2      | Reached XP level 3. HP: 10/19 MP: 5/5
  1549 | D:2      | Found an opulent altar of Gozag.
  1559 | D:2      | Slain by an adder

Vault maps used:
D:1:      dpeg_arrival_solitude
D:2:      nicolae_gozag_cash_rules_everything_around_me

Action                   || total
-------------------------++-------
Melee: Short sword       ||    97
Invok: Depart the Abyss  ||     1
  Use: Potion            ||     4
 Stab: Sleeping          ||     4
